 Dungeon Sprint DCSS version 0.29.1-2-gbd0b4ee654 (webtiles) character file.

Game seed: 8115013574042910032

4902 Zeld the Eclecticist (level 10, -5/50 HPs)
             Began as a Deep Elf Conjurer on Nov 5, 2022.
             Was a High Priest of Sif Muna.
             Slain by a spriggan rider
             ... wielding a +0 spear
              (18 damage)
             ... in the Dungeon (Sprint IV: "Fedhas' Mad Dash").
             The game lasted 00:05:07 (4297 turns).

Zeld the Eclecticist (Deep Elf Conjurer)            Turns: 4297, Time: 00:05:07

Health: -5/50      AC:  3    Str:  4    XL:     10   Next: 27%
Magic:  9/34       EV: 17    Int: 28    God:    Sif Muna [*****.]
Gold:   128        SH:  0    Dex: 13    Spells: 34/45 levels left

rFire   . . .      SeeInvis .   (no weapon)
rCold   . . .      Faith    .   (no shield)
rNeg    . . .      Spirit   .   a - +0 robe
rPois   .          Reflect  .   (no helmet)
rElec   .          Harm     .   h - +0 cloak
rCorr   .          Rampage  .   (no gloves)
Will    +....      NoTele   +   (no boots)
Stlth   +++++.....              g - amulet of invisibility {+Inv}
HPRegen 0.16/turn               (no ring)
MPRegen 0.24/turn               (no ring)

@: channelling, very slightly contaminated
A: no striking features
a: Renounce Religion, Evoke Invisibility, Channel Magic, Forget Spell, Divine
Exegesis


You were in the Dungeon.
You worshipped Sif Muna.
Sif Muna was extremely pleased with you.
You visited 1 branch You collected 208 gold pieces.
You spent 80 gold pieces at shops.

Inventory:

Armour
 a - a +0 robe (worn)
 h - a +0 cloak (worn)
Jewellery
 g - the amulet of invisibility (around neck) {+Inv}
   (You found it in the Dungeon)

   [amulet of nothing]

   +Inv:      It lets you turn invisible.
Scrolls
 i - a scroll of enchant armour {unknown}
 j - a scroll of fear {unknown}
 m - a scroll of identify {unknown}
Potions
 b - 2 potions of magic
 c - 2 potions of curing
 d - a potion of heal wounds
 e - a potion of haste
 f - a potion of berserk rage
 l - a potion of invisibility {unknown}
Miscellaneous
 k - a lightning rod (4/4)


   Skills:
 + Level 12.3 Dodging
 + Level 13.3 Stealth
 * Level 18.2 Spellcasting
 * Level 16.0 Conjurations


You had 34 spell levels left.
You knew the following spells:

 Your Spells              Type           Power      Damage    Failure   Level
a - Magic Dart            Conj           100%       1d8       0%          1
b - Searing Ray           Conj           100%       2d8       0%          2
c - Fulminant Prism       Conj/Hex       31%        3d16      1%          4
d - Iskenderun's Mystic   Conj/Tloc      63%        2d13      1%          4

Your spell library contained the following spells:

 Spells                   Type           Power      Damage    Failure   Level
 Dazzling Flash           Conj/Hex       100%       N/A       1%          3
 Frozen Ramparts          Ice            50%        1d8       5%          3
 Portal Projectile        Hex/Tloc       50%        N/A       5%          3
 Tukima's Dance           Hex            25%        N/A       5%          3
 Ice Form                 Ice/Tmut       25%        N/A       17%         4
 Summon Ice Beast         Ice/Summ       25%        N/A       17%         4
 Blade Hands              Tmut           12%        N/A       43%         5


Dungeon Overview and Level Annotations

Branches:
Dungeon (1/1)

Altars:
Cheibriados
Dithmenos
Elyvilon
Gozag
Hepliaklqana
Kikubaaqudgha
Makhleb
Nemelex Xobeh
Okawaru
Qazlal
Ru
Sif Muna
Trog
Uskayaw
Vehumet
Wu Jian
Xom
Yredelemnul
Zin
The Shining One
Jiyva
Lugonu

Shops:
D ![::


Message History

The spriggan moves out of view.
Okay, then.
You fail to use your ability.
You start resting.
You flicker back into view.
A spriggan is nearby!
A spriggan is nearby!
A spriggan is nearby!
Casting: Iskenderun's Mystic Blast (dangerous; 1% risk of failure)
Confirm with . or Enter, or press ? or * to list all spells.
You erupt in a blast of force!
The mystic blast hits the spriggan!
The spriggan is moderately wounded.
The spriggan shouts!
The spriggan is knocked back by the mystic blast.
The spriggan slams into the stone wall!
The spriggan is heavily wounded.
Casting: Iskenderun's Mystic Blast (dangerous; 1% risk of failure)
Confirm with . or Enter, or press ? or * to list all spells.
You erupt in a blast of force!
The mystic blast hits the spriggan.
The spriggan is severely wounded.
The spriggan is knocked back by the mystic blast.
The spriggan slams into the stone wall!
The spriggan is severely wounded.
Casting: Iskenderun's Mystic Blast (dangerous; 1% risk of failure)
Confirm with . or Enter, or press ? or * to list all spells.
You erupt in a blast of force!
The mystic blast hits the spriggan.
You kill the spriggan!
Sif Muna accepts your kill.
Your Conjurations skill increases to level 16!
Unknown command.
You start resting.
A spriggan comes into view. It is wielding a +0 short sword.
A spriggan is nearby!
A spriggan is nearby!
A spriggan is nearby!
You feel better.
A spriggan rider comes into view. It is wielding a +0 spear.
The spriggan rider shouts!
The spriggan shouts!
The spriggan rider hits you from afar with a +0 spear!!
You die...

_._.⌠.#.(')).#....##∩#
._._..'..#...#....'..#
_._...#..###'##.[[##∩#
._._..#..##∩∩.'...####
_._.⌠.############# #.
###########....[(###i...
♣.###.'.('.....[)i.'...♣
.♣##..#..#.P....i###
).###.##+##.....@#
.♣'...# ######## #######


You could see a spriggan rider and a spriggan.

Vanquished Creatures
  A spriggan druid (D)
  6 oklob plants (D)
  A demonic crawler (D)
  A queen bee (D)
  3 burning bushes (D)
  3 wandering mushrooms (D)
  3 scorpions (D)
  5 oklob saplings (D)
  4 killer bees (D)
  3 spriggans (D)
  A river rat (D)
  A rat (D)
  A ballistomycete spore (D)
33 creatures vanquished.

Vanquished Creatures (others)
  20 fulminant prisms (D)
  A fungus (D)
21 creatures vanquished.

Grand Total: 54 creatures vanquished

Notes
Turn   | Place    | Note
-------+----------+-------------------------------------------
     0 | D        | Zeld the Deep Elf Conjurer began the quest for the Orb.
     0 | D        | Reached XP level 1. HP: 10/10 MP: 6/6
     8 | D        | Reached skill level 4 in Spellcasting
     8 | D        | Reached skill level 5 in Conjurations
     8 | D        | Reached XP level 2. HP: 15/15 MP: 5/9
   154 | D        | Noticed an oklob sapling
   159 | D        | Learned a level 2 spell: Searing Ray
   159 | D        | Noticed a scorpion
   159 | D        | Found the amulet of invisibility {+Inv}
   164 | D        | Killed a scorpion
   165 | D        | Reached skill level 6 in Spellcasting
   165 | D        | Reached XP level 3. HP: 17/19 MP: 2/13
   165 | D        | Reached XP level 4. HP: 22/24 MP: 2/14
   452 | D        | Found an opulent altar of Gozag.
   452 | D        | Found a hazy altar of Hepliaklqana.
   452 | D        | Found a burning altar of Makhleb.
   452 | D        | Found a sparkling altar of Nemelex Xobeh.
   452 | D        | Found a snail-covered altar of Cheibriados.
   452 | D        | Found a sacrificial altar of Ru.
   452 | D        | Found a shimmering blue altar of Sif Muna.
   452 | D        | Found a shimmering altar of Xom.
   452 | D        | Found a basalt altar of Yredelemnul.
   453 | D        | Found a viscous altar of Jiyva.
   453 | D        | Found a bloodstained altar of Trog.
   453 | D        | Found an ornate altar of the Wu Jian Council.
   454 | D        | Found an iron altar of Okawaru.
   454 | D        | Found a shadowy altar of Dithmenos.
   454 | D        | Found a glowing silver altar of Zin.
   455 | D        | Found an ancient bone altar of Kikubaaqudgha.
   455 | D        | Found a hide-covered altar of Uskayaw.
   456 | D        | Found a stormy altar of Qazlal.
   456 | D        | Found a glowing golden altar of the Shining One.
   456 | D        | Found a white marble altar of Elyvilon.
   457 | D        | Found a radiant altar of Vehumet.
   457 | D        | Found a corrupted altar of Lugonu.
   459 | D        | Became a worshipper of Sif Muna the Loreminder
   592 | D        | Reached skill level 5 in Dodging
   592 | D        | Reached skill level 5 in Stealth
   592 | D        | Reached skill level 7 in Spellcasting
   690 | D        | Reached skill level 8 in Spellcasting
   690 | D        | Reached XP level 5. HP: 28/28 MP: 5/18
   695 | D        | Learned a level 4 spell: Fulminant Prism
   700 | D        | Learned a level 4 spell: Iskenderun's Mystic Blast
   826 | D        | Reached * piety under Sif Muna
   829 | D        | Reached skill level 9 in Spellcasting
  1117 | D        | Found Cineemmi's Antique Armour Shop.
  1117 | D        | Found Dyikluo's Distillery.
  1121 | D        | Bought a potion of heal wounds for 50 gold pieces
  1121 | D        | Bought a potion of curing for 30 gold pieces
  1224 | D        | Noticed a burning bush
  1224 | D        | Noticed a wandering mushroom
  1229 | D        | Noticed a wandering mushroom
  1232 | D        | Killed a wandering mushroom
  1232 | D        | Reached ** piety under Sif Muna
  1233 | D        | Reached skill level 11 in Spellcasting
  1233 | D        | Reached skill level 10 in Conjurations
  1233 | D        | Reached XP level 6. HP: 24/32 MP: 10/22
  1233 | D        | Reached XP level 7. HP: 27/36 MP: 10/24
  1238 | D        | Killed a wandering mushroom
  1239 | D        | Reached skill level 12 in Spellcasting
  1691 | D        | Killed a burning bush
  1692 | D        | Reached skill level 13 in Spellcasting
  1769 | D        | Found Kejugocu's Book Emporium.
  1769 | D        | Found Raqofos's Book Shoppe.
  1845 | D        | Reached *** piety under Sif Muna
  2019 | D        | Noticed a queen bee
  2027 | D        | Reached XP level 8. HP: 41/41 MP: 16/27
  2028 | D        | Reached **** piety under Sif Muna
  2035 | D        | Killed a queen bee
  2036 | D        | Reached skill level 10 in Stealth
  2036 | D        | Reached skill level 14 in Spellcasting
  2360 | D        | Noticed a burning bush
  2368 | D        | Killed a burning bush
  2529 | D        | Noticed an oklob plant
  2535 | D        | Killed an oklob plant
  2536 | D        | Reached skill level 10 in Dodging
  2536 | D        | Reached skill level 15 in Spellcasting
  2536 | D        | Reached XP level 9. HP: 45/45 MP: 14/30
  2790 | D        | Noticed a burning bush
  2790 | D        | Noticed an oklob plant
  2800 | D        | Killed a burning bush
  2800 | D        | Reached ***** piety under Sif Muna
  2956 | D        | Noticed a wandering mushroom
  2966 | D        | Killed a wandering mushroom
  2967 | D        | Reached skill level 16 in Spellcasting
  3073 | D        | Killed an oklob plant
  3363 | D        | Noticed a spriggan druid
  3365 | D        | Killed a spriggan druid
  3598 | D        | Noticed an oklob plant conjurer
  3608 | D        | Killed an oklob plant conjurer
  3609 | D        | Reached skill level 17 in Spellcasting
  3609 | D        | Reached skill level 15 in Conjurations
  3777 | D        | Noticed an oklob plant
  3777 | D        | Noticed an oklob plant summoner
  3988 | D        | Noticed an oklob plant shifter
  3995 | D        | Killed an oklob plant summoner
  3995 | D        | Killed an oklob plant shifter
  3995 | D        | Received a gift from Sif Muna
  3996 | D        | Reached XP level 10. HP: 50/50 MP: 18/33
  3996 | D        | Killed an oklob plant
  4287 | D        | Reached skill level 18 in Spellcasting
  4296 | D        | Noticed a spriggan rider
  4297 | D        | Slain by a spriggan rider

Illustrated notes

Levels and vault maps discovered:
D:        dungeon_sprint_fedhas [sprint_temple]

Skill      XL: |  1  2  3  4  5  6  7  8  9 10 |
---------------+-------------------------------+-----
Dodging        | 3 4 5 7 9 10 11 12 | 12.3
Stealth        | 3 4 6 8 9 11 12 13 | 13.3
Spellcasting   | 4 6 8 11 13 15 17 18 | 18.2
Conjurations   | 5 6 8 10 12 13 15 16 | 16.0

Action                   |  1- 3 |  4- 6 |  7- 9 | 10-12 || total
-------------------------+-------+-------+-------+-------++-------
 Cast: Magic Dart        |     3 |       |       |       ||     3
       Searing Ray       |     2 |     7 |    16 |     1 ||    26
       Fulminant Prism   |       |     2 |    18 |       ||    20
       Iskenderun's Myst |       |       |     9 |    12 ||    21
Invok: Channel Magic     |       |       |       |     2 ||     2
 Abil: Evoke Invisibilit |       |     4 |     9 |     1 ||    14
  Use: Scroll            |     1 |       |       |       ||     1
       Potion            |       |       |     1 |     2 ||     3
Armor: Robe              |     1 |     1 |       |     2 ||     4
Dodge: Dodged            |     2 |     4 |     7 |    10 ||    23
